[Event "*** Titled Tuesday Blitz"]
[Site "Chess.com"]
[Date "2021.02.02"]
[Round "4"]
[White "Ariadna_Atreides"]
[Black "Phriex"]
[Result "1-0"]
[WhiteElo "2180"]
[BlackElo "2388"]
[TimeControl "180+1"]
[EndTime "10:42:07 PST"]
[Termination "Ariadna_Atreides won by resignation"]

1. Nf3 d5 2. d4 Nf6 3. c4 c6 4.
Nbd2 g6 5. e3 Bg7 6. Bd3 O-O 7.
O-O Bg4 8. h3 Bxf3 9. Nxf3 e6 10. b3 a6 11. Bb2 Nbd7 12. Ne5 Nxe5 13. dxe5 Nd7 14. f4 dxc4 15. Bxc4 b5 16. Be2 Nb6 17.
Qc2 Qc7 18. e4 Rfd8 19. Rac1 Rac8 20. Ba3 Bf8 21. Bxf8 Kxf8 22. Qc3 c5 23. f5 b4 24.
Qb2 Kg8 25. Bxa6 Ra8 26. Bc4 Nd7 27. fxe6 Qxe5 28. exf7+ Kf8 29. Qd2 Nb6 30. Qh6+ Qg7 31. Qxg7+ Kxg7 32. e5 Ra7 33. e6 Re7 34. Rce1 Rf8 35.
Re5 h6 36. Rxc5 Nxc4 37. Rxc4 Rxe6 38. Rxb4 Rxf7 39. Rxf7+ Kxf7 40. a4 Re2 41. Rb7+ Kf6 42. a5 Kg5 43. a6 Kh4 44. Kh2 g5 45. a7 Ra2 46. b4 h5 47. b5 g4 48. hxg4 hxg4 49.
Rh7+ Kg5 50. b6 Kf4 51. Rf7+ Kg5 52. b7 Rxa7 53. Rg7+ Kf6 54. b8=Q Rxg7 55. Qb6+ Kf5 56. Qc5+ Kg6 57. Qd6+ Kf5 58. Qd3+ Kg5 59. Kg3 Re7 60. Qd5+ Kf6 61. Kxg4 Rg7+ 62. Kf4 Kg6 63. Qf5+ Kh6 64.
g4 Rg6 65. g5+ Kg7 66. Qd7+ Kg8 67. Kf5 Rg7 68. Qe8+ Kh7 69. g6+ Kh6 70. Qh8+ 1-0

[Event "*** Titled Tuesday Blitz"]
[Site "Chess.com"]
[Date "2021.02.02"]
[Round "4"]
[White "Aygehovit1992"]
[Black "sara_khm"]
[Result "0-1"]
[WhiteElo "2619"]
[BlackElo "2493"]
[TimeControl "180+1"]
[EndTime "10:42:08 PST"]
[Termination "sara_khm won by resignation"]

1. e4 e5 2. Bc4 Nf6 3. d3 c6 4.
Nf3 d6 5. Nbd2 Be7 6. Nf1 O-O 7. Ng3 d5 8. Bb3 dxe4 9. dxe4 Qxd1+ 10. Kxd1 Nbd7 11.
Be3 Nc5 12. Nxe5 Ncxe4 13. Nxe4 Nxe4 14. Ke2 Nf6 15. Rad1 Be6 16. Bxe6 fxe6 17. c4 Rfd8 18. f3 Bd6 19. Nd3 Kf7 20. g4 h5 21. g5 Nd7 22.
f4 g6 23. Rd2 Bc7 24. Rhd1 Ke8 25. Kf3 e5 26. Ke4 exf4 27. Bxf4 Bxf4 28. Nxf4 Nc5+ 29. Ke5 Rxd2 30. Rxd2 Kf7 31. Rf2 Re8+ 32. Kd4 Ne4 33. Rf1 Nd2 34. Rf2 Rd8+ 35. Ke3 Nxc4+ 36. Ke2 Rd2+ 37. Ke1 Rxf2 38. Kxf2 Nxb2 39. Ke3 Nc4+ 40. Kd4 Nd2 41. Ke5 Nf3+ 42. Kd6 Nxg5 43. Nd3 Nf3 44. h3 g5 45. Kc7 g4 46. hxg4 hxg4 47. Kxb7 g3 48. Nf4 c5 49. Kc6 c4 50. Kd5 c3 51.
Ke4 c2 0-1

[Event "*** Titled Tuesday Blitz"]
[Site "Chess.com"]
[Date "2021.02.02"]
[Round "4"]
[White "MasterLeif"]
[Black "lamomiablanca"]
[Result "0-1"]
[WhiteElo "2436"]
[BlackElo "2302"]
[TimeControl "180+1"]
[EndTime "10:42:08 PST"]
[Termination "lamomiablanca won by checkmate"]

1. d4 Nf6 2. c4 b6 3. Nc3 Bb7 4. Nf3 e6 5. e3 Bb4 6. Bd3 Bxc3+ 7. bxc3 c5 8. O-O O-O 9. a4 d6 10. Re1 Nc6 11. h3 e5 12. d5 Na5 13. Qc2 Re8 14. e4 Ba6 15. Qe2 Qd7 16. Bg5 Nh5 17. Nd4 cxd4 18.
Qxh5 dxc3 19. Rac1 Bxc4 20. Bxc4 Nxc4 21. Rxc3 f6 22.
Bxf6 gxf6 23. Rxc4 Rac8 24. Rec1 Rc5 25. R4c3 Re7 26. Kh2 Rg7 27. Qf3 Rg6 28. h4 Qg4 29. Qh3 Qxe4 30. Qe6+ Kg7 31. f3 Qf4+ 32. Kh1 Qxh4+ 33.
Kg1 Qd4+ 34. Kh2 Rxc3 35. Qe7+ Kh6 36. Qf8+ Rg7 37. Re1 Qf4+ 38. Kh1 Qh4+ 39. Kg1 Qxe1+ 40. Kh2 Qh4+ 41. Kg1 Rc1# 0-1

[Event "*** Titled Tuesday Blitz"]
[Site "Chess.com"]
[Date "2021.02.02"]
[Round "4"]
[White "benko_008"]
[Black "zimmm36"]
[Result "1-0"]
[WhiteElo "2384"]
[BlackElo "2046"]
[TimeControl "180+1"]
[EndTime "10:42:08 PST"]
[Termination "benko_008 won by resignation"]

1. d4 Nf6 2. Bg5 Ne4 3. h4 c5 4. dxc5 Nxg5 5. hxg5 Qa5+ 6. Nd2 Qxc5 7. g6 fxg6 8. e3 d5 9. Bd3 Qd6 10. c4 Bf5 11. Qc2 Bxd3 12. Qxd3 Nc6 13. cxd5 Ne5 14. Qb5+ Qd7 15. Qxd7+ Kxd7 16. Ke2 Rc8 17. f4 Nf7 18. Ngf3 e6 19. dxe6+ Kxe6 20. Rac1 Bc5 21. Ne4 Be7 22. Rxc8 Rxc8 23. Nd4+ Kd5 24. Nc3+ Kc4 25. Rc1 Rd8 26.
Ne6 Rd7 27. Nd4 Kb4 28. a3+ Ka5 29. b4+ Kb6 30. Na4+ Ka6 31. Nc5+ Bxc5 32. Rxc5 Nd6 33.
Rd5 Kb6 34. Nb5 Kc6 35. Rxd6+ Rxd6 36. Nxd6 Kxd6 37. e4 Ke6 38. Ke3 Kf6 39. Kd4 Ke6 40.
e5 h6 41. Ke4 b6 42. b5 h5 43. g3 g5 44. fxg5 g6 45. a4 Ke7 46. Kd5 Kd7 47.
e6+ 1-0

[Event "*** Titled Tuesday Blitz"]
[Site "Chess.com"]
[Date "2021.02.02"]
[Round "4"]
[White "publicaccountcze"]
[Black "AntonovaNadezhda"]
[Result "1-0"]
[WhiteElo "2366"]
[BlackElo "2164"]
[TimeControl "180+1"]
[EndTime "10:42:08 PST"]
[Termination "publicaccountcze won by checkmate"]

1. d4 Nf6 2. c4 g6 3. Nc3 Bg7 4. e4 d6 5. Bd3 O-O 6. Nge2 Nc6 7. O-O e5 8. d5 Nd4 9. Nxd4 exd4 10. Ne2 Nd7 11.
b3 c5 12. Bf4 Qe7 13. Qd2 Re8 14. f3 Ne5 15. Nc1 Nxd3 16. Nxd3 f5 17. Rae1 Qf7 18.
Bxd6 b6 19. e5 Bb7 20. e6 Qf6 21. Be5 Qe7 22. Bxg7 Qxg7 23. Qe2 Rad8 24. Qe5 Qe7 25. Kh1 Rd6 26. Re2 Bc8 27. g4 fxg4 28. fxg4 Bxe6 29. Rfe1 Bxd5+ 30. cxd5 Qxe5 31. Rxe5 Red8 32. Nf4 g5 33. Ne6 R8d7 34. Rxg5+ Kh8 35. Rf1 h6 36. Rf8+ Kh7 37.
Rgg8 Rxd5 38. Rh8+ Kg6 39. Nf4+ Kg5 40. Nxd5 Rxd5 41.
Rhg8+ Kh4 42. Rf6 h5 43. gxh5 Rxh5 44. Rf3 Re5 45. Kg2 Re2+ 46. Rf2 Re3 47. Rf7 Re5 48. Rh7+ Rh5 49. Rxh5+ Kxh5 50. Kf3 Kh4 51. Ke4 Kh3 52. Rg7 Kxh2 53. Rxa7 Kg2 54. Rb7 Kf2 55. Kd3 Ke1 56. Rxb6 Kd1 57. Rc6 Kc1 58. Rxc5+ Kb2 59. b4 Kxa2 60.
Kxd4 Kb3 61. b5 Kb4 62. b6 Ka4 63. b7 Kb3 64. b8=Q+ Ka3 65. Ra5# 1-0

[Event "*** Titled Tuesday Blitz"]
[Site "Chess.com"]
[Date "2021.02.02"]
[Round "4"]
[White "Sippp"]
[Black "FairChess_on_YouTube"]
[Result "0-1"]
[WhiteElo "2788"]
[BlackElo "2926"]
[TimeControl "180+1"]
[EndTime "10:42:09 PST"]
[Termination "FairChess_on_YouTube won by resignation"]

1. e4 e5 2. Nf3 Nc6 3. Bb5 a6 4. Ba4 Nf6 5. d3 d6 6. O-O Bd7 7. c4 g6 8. Nc3 Bg7 9. Re1 O-O 10.
h3 Kh8 11. Be3 Qc8 12. d4 Qe8 13. Bxc6 Bxc6 14. dxe5 dxe5 15. Qc2 Rc8 16. Bc5 Rg8 17. Nd5 Nd7 18. Ba3 Bf8 19. Bxf8 Qxf8 20. Rad1 f6 21. Qc3 Qg7 22. b4 Nf8 23. Rd2 Ne6 24. Qb3 g5 25. c5 g4 26. hxg4 Qxg4 27. g3 Bxd5 28. exd5 Nf4 29.
Nh2 Qg5 30. Red1 h5 31. d6 cxd6 32. cxd6 h4 33. d7 Rcd8 34. Nf1 Rg7 35. Rd6 Qf5 36. Qf3 e4 37. Qe3 Nh3+ 38. Kg2 Ng5 39. Nh2 Qh3+ 40. Kg1 hxg3 41. fxg3 Nf3+ 42. Qxf3 exf3 0-1

[Event "*** Titled Tuesday Blitz"]
[Site "Chess.com"]
[Date "2021.02.02"]
[Round "4"]
[White "FearNoEvil12"]
[Black "Das_Virus_2020"]
[Result "0-1"]
[WhiteElo "2195"]
[BlackElo "2419"]
[TimeControl "180+1"]
[EndTime "10:42:09 PST"]
[Termination "Das_Virus_2020 won by resignation"]

1. e4 e6 2. d4 d5 3. Nc3 Nf6 4. Qd3 c5 5. Bg5 cxd4 6. Qxd4 Nc6 7. Bb5 dxe4 8. Qxd8+ Kxd8 9. Nxe4 Be7 10. O-O-O+ Kc7 11. Nc3 Bd7 12. Bxc6 Bxc6 13. Bf4+ Kc8 14.
Nf3 Nd5 15. Nxd5 Bxd5 16. Ne5 f6 17. Nf7 Rf8 18. Nd6+ Bxd6 19. Bxd6 Rd8 20. Bg3 Bxg2 21. Rhe1 Rxd1+ 22. Kxd1 Bd5 23. b3 b5 24. Kd2 Kb7 25. Kd3 Rc8 26. c3 a5 27. f4 Rd8 28. Ke3 a4 29.
bxa4 bxa4 30. a3 Kc6 31. Rb1 Bb3 32. Rb2 Kb5 33. Rd2 Bd5 34. Rd4 Rc8 35. Kd2 Rc4 36. Bf2 Rxd4+ 37. Bxd4 Kc4 38. Kc2 Be4+ 39. Kb2 Kd3 40.
h4 h5 41. Bc5 Bd5 42. Bf8 g6 43. Bg7 f5 44. Be5 Bc4 45. Bf6 Ke4 46. Be5 Kf3 47. Kc2 Kg4 48. Kd2 Kxh4 49. Ke3 Kg3 50. Kd4 Ba6 51. c4 h4 52. c5 h3 53. c6 h2 54. Kc5 h1=Q 55. Kb6 Bc8 56. Kc7 Qd5 57. Kxc8 Qxc6+ 58. Kd8 Qc5 59. Kd7 Qxa3 60. Kxe6 Qb3+ 61. Kf6 Kg4 62. Kxg6 a3 63. Kf6 a2 64. Kg6 Qb1 65.
Kf6 a1=Q 0-1

[Event "*** Titled Tuesday Blitz"]
[Site "Chess.com"]
[Date "2021.02.02"]
[Round "4"]
[White "Szparu"]
[Black "A-Fier"]
[Result "0-1"]
[WhiteElo "2653"]
[BlackElo "2861"]
[TimeControl "180+1"]
[EndTime "10:42:10 PST"]
[Termination "A-Fier won on time"]

1. e4 c5 2. Nf3 e6 3. d4 cxd4 4. Nxd4 Nf6 5. Nc3 d6 6. g4 h6 7. h4 Nc6 8. g5 hxg5 9. Bxg5 Qb6 10. Nb3 Bd7 11. Qd2 a6 12. O-O-O O-O-O 13. a3 Qc7 14. f4 Be7 15. Be2 Kb8 16. Rh3 Bc8 17. Rd3 Ng8 18. Bxe7 Ngxe7 19. h5 g6 20. hxg6 Nxg6 21. f5 Nge5 22.
Rxd6 Rxd6 23. Qxd6 Qxd6 24. Rxd6 exf5 25. exf5 Bxf5 26. Nd4 Bg6 27. Nxc6+ Nxc6 28. Bd3 Rh1+ 29. Kd2 Rh2+ 30. Kc1 Bxd3 31. Rxd3 f5 32. Rd2 Rh1+ 33.
Rd1 Rh2 34. Rd2 Rh3 35. Rf2 Nd4 36. Ne2 Nf3 37. c3 Kc7 38. Nf4 Rh1+ 39. Kc2 Nh4 40. Ne6+ Kd6 41. Nd4 Ke5 42. Kd3 b5 43. Re2+ Kd5 44. Rf2 Rh3+ 45. Kd2 Ke5 46. Re2+ Kf4 47. Re6 Rh2+ 48. Ne2+ Kf3 49. Kd3 Ng2 50. Nd4+ Kf4 51.
Ne2+ Kg4 52. Rxa6 f4 53. Rg6+ Kf5 54. Rg8 f3 55. Rf8+ Kg4 56. Rg8+ Kf5 57. Rf8+ Ke5 58.
Nd4 Ne1+ 59. Ke3 Kd5 60. Rf5+ Kc4 61. Nxf3 Nxf3 62. Rxf3 Rxb2 63. Rf4+ Kxc3 64. Rf8 Rb3 65. Ke4 Rxa3 66. Rc8+ Kb2 67. Kd4 b4 68. Kc4 Rc3+ 0-1

[Event "*** Titled Tuesday Blitz"]
[Site "Chess.com"]
[Date "2021.02.02"]
[Round "4"]
[White "FMKonstantin_Twitch"]
[Black "SilviusTiberius"]
[Result "1-0"]
[WhiteElo "2619"]
[BlackElo "2469"]
[TimeControl "180+1"]
[EndTime "10:42:10 PST"]
[Termination "FMKonstantin_Twitch won by resignation"]

1. Nf3 Nf6 2. g3 d5 3. Bg2 e6 4. O-O Be7 5. d3 O-O 6. c4 b6 7. cxd5 exd5 8. Nc3 Bb7 9. Bf4 c5 10. d4 Nc6 11. Rc1 Ne4 12. dxc5 Nxc3 13. Rxc3 bxc5 14.
Ne5 Nxe5 15. Bxe5 Qd7 16. Rb3 Bc6 17. Qc1 Qe6 18. Re3 Qd7 19. Rd1 Rac8 20. Bxd5 Bxd5 21. Red3 Qb5 22. Rxd5 Qxe2 23. Bc3 Rfe8 24. Re1 Qf3 25. Rde5 Kf8 26. R1e3 Qc6 27. Qc2 Bf6 28. Rxe8+ Rxe8 29. Rxe8+ Qxe8 30. Bxf6 Qe1+ 31. Kg2 gxf6 32. Qxc5+ Kg7 33. Qxa7 Qe4+ 34. f3 Qc2+ 35. Qf2 Qc4 36. b3 Qc3 37. Qe2 h5 38. h4 Qd4 39. a4 Qb4 40. Qa2 Qc3 41. a5 f5 42. a6 f4 43. a7 fxg3 44.
a8=Q Qe3 45. Qb2+ 1-0

[Event "*** Titled Tuesday Blitz"]
[Site "Chess.com"]
[Date "2021.02.02"]
[Round "4"]
[White "Kostukov_Alex"]
[Black "anon481216"]
[Result "1-0"]
[WhiteElo "2318"]
[BlackElo "2450"]
[TimeControl "180+1"]
[EndTime "10:42:10 PST"]
[Termination "Kostukov_Alex won by resignation"]

1. g3 c5 2. Bg2 Nc6 3. c4 g6 4. Nf3 Bg7 5. O-O e5 6. Nc3 Nge7 7. Ne1 d6 8. Nc2 Be6 9. Ne3 Qd7 10. Ned5 Bh3 11.
Bxh3 Qxh3 12. Nc7+ Kd7 13. Nxa8 Rxa8 14. e3 h5 15. Qf3 Nf5 16. Ne4 Rh8 17. Ng5 Qg4 18. Qxg4 hxg4 19. f3 gxf3 20. Nxf7 e4 21. Nxh8 Bxh8 22. Rb1 Ne5 23. b3 Nd3 24. Ba3 a5 25. Rf2 g5 26. g4 Nh4 27. Rbf1 Be5 28. Rb1 Ng6 29. Rff1 Bf6 30. Rbc1 Be5 31. Rc3 Bxc3 32. dxc3 Nde5 33. h3 Nd3 34. Kh2 b6 35. Kg3 Nh4 36.
Bc1 Ke6 37. Bd2 Ng6 38. a3 Nde5 39. Rb1 Nh4 40. Be1 Kd7 41. Bf2 Kc6 42. a4 Nhg6 43.
Rd1 Nh4 44. Rd5 Nhg6 45. Kh2 Ne7 46. Rd2 N7g6 47. Bg3 Nd3 48. Kg1 Nc1 49. Rxd6+ Kb7 50. Rxg6 Nxb3 51. Rxg5 Nd2 52. h4 1-0

[Event "*** Titled Tuesday Blitz"]
[Site "Chess.com"]
[Date "2021.02.02"]
[Round "4"]
[White "Usurpov"]
[Black "beto-betun"]
[Result "0-1"]
[WhiteElo "2331"]
[BlackElo "2193"]
[TimeControl "180+1"]
[EndTime "10:42:11 PST"]
[Termination "beto-betun won by resignation"]

1. e4 c5 2. Nf3 d6 3. Bb5+ Nd7 4.
d4 cxd4 5. Qxd4 Nf6 6. Nc3 e5 7. Qd3 a6 8. Bxd7+ Nxd7 9. Bg5 Nc5 10. Qd2 f6 11. Be3 Be6 12. a4 Rc8 13. a5 Be7 14. O-O O-O 15. Nh4 g6 16. Nf3 Rf7 17. Rfd1 Qc7 18. Nd5 Bxd5 19. Qxd5 Qc6 20. Bxc5 Qxd5 21. Rxd5 Rxc5 22. Rxc5 dxc5 23. Rd1 Rf8 24. Rd5 Rd8 25. Nd2 Kf7 26. Nc4 Ke6 27. Rxd8 Bxd8 28. f3 Bc7 29. Kf2 Kd7 30. c3 Kc6 31. Ke3 Kb5 32. Kd3 Bxa5 33.
Nd6+ Kc6 34. Nf7 b5 35. g4 c4+ 36. Ke2 Kd7 37. h4 Ke6 38. Nh6 Bb6 39. h5 g5 40.
Nf5 Bc5 41. Ng7+ Kd7 42. h6 Bf8 43. Nf5 Ke6 44. Kd2 Kf7 45. Kc2 Kg6 46. Ne3 Kxh6 47. Nd5 Kg6 48. Nc7 h5 49. gxh5+ Kxh5 50. Nxa6 Bd6 51.
Kd2 Kh4 52. Ke2 Kg3 53. Ke3 Kg2 54. Ke2 Kg3 55. Ke3 g4 56. fxg4 Kxg4 57. Nb4 Bxb4 58.
cxb4 Kg3 0-1

[Event "*** Titled Tuesday Blitz"]
[Site "Chess.com"]
[Date "2021.02.02"]
[Round "4"]
[White "Ziyamammadov"]
[Black "rachidhuilda"]
[Result "0-1"]
[WhiteElo "1737"]
[BlackElo "2216"]
[TimeControl "180+1"]
[EndTime "10:42:11 PST"]
[Termination "rachidhuilda won by checkmate"]

1. e4 c5 2. Nf3 e6 3. d4 cxd4 4. Nxd4 a6 5. Nc3 Qc7 6. Be3 Bb4 7. Bd2 Nc6 8. Nxc6 dxc6 9. Bd3 e5 10. O-O Be7 11. Be3 Nf6 12. f3 O-O 13. Qd2 b5 14. Ne2 c5 15. c4 Rd8 16. Qc2 Rb8 17. Rad1 Be6 18. cxb5 axb5 19. Nc3 c4 20. Be2 Bc5 21. Bxc5 Qxc5+ 22. Kh1 Rd4 23. b3 Rbd8 24. bxc4 bxc4 25.
Na4 Qa5 26. Nc3 Qc5 27. Rxd4 exd4 28. Na4 d3 29. Rd1 Qb4 30. Qd2 Qxa4 31. Bf1 Qb5 32. e5 Nd5 33. f4 Qc5 34. Qb2 c3 35. Qb3 Nxf4 36. Qa4 c2 37. Rc1 d2 38. Rd1 cxd1=Q 39. Qxd1 Qc1 40. Qa4 Qxf1# 0-1

[Event "*** Titled Tuesday Blitz"]
[Site "Chess.com"]
[Date "2021.02.02"]
[Round "4"]
[White "dozer80"]
[Black "BvsN"]
[Result "1-0"]
[WhiteElo "2598"]
[BlackElo "2377"]
[TimeControl "180+1"]
[EndTime "10:42:12 PST"]
[Termination "dozer80 won by checkmate"]

1. e4 c5 2. Nf3 e6 3. d4 cxd4 4. Nxd4 Nf6 5. Nc3 Nc6 6. a3 Qc7 7. Be3 a6 8. Be2 Bd6 9. Ndb5 axb5 10. Nxb5 Qa5+ 11. Bd2 Bb4 12. axb4 Qxa1 13. Nc7+ Ke7 14. Nxa8 Qxa8 15. b5 Ne5 16. Bb4+ Ke8 17. O-O d5 18. Qd4 Qb8 19. f4 Ng6 20. e5 Ne4 21. c4 Ne7 22. cxd5 exd5 23. Rc1 Be6 24. g4 f5 25. exf6 gxf6 26. f5 Bf7 27. b6 Rg8 28.
Bxe7 Kxe7 29. Rc7+ Kf8 30. Bf3 Qe8 31. Qc5+ Kg7 32. Qxd5 Nd6 33. Qxd6 Qe1+ 34. Kg2 Rf8 35. g5 fxg5 36. Qd4+ Kg8 37. Rxb7 Re8 38. Rxf7 Kxf7 39. Bd5+ Ke7 40. f6+ Kd8 41. Bc6+ Kc8 42. Qd7+ Kb8 43. Qc7# 1-0

[Event "*** Titled Tuesday Blitz"]
[Site "Chess.com"]
[Date "2021.02.02"]
[Round "4"]
[White "Leo_C"]
[Black "vladjianu"]
[Result "0-1"]
[WhiteElo "2405"]
[BlackElo "2588"]
[TimeControl "180+1"]
[EndTime "10:42:13 PST"]
[Termination "vladjianu won on time"]

1. d4 Nf6 2. c4 e6 3. Nc3 Bb4 4. e3 O-O 5. Bd3 d5 6. a3 Bxc3+ 7.
bxc3 dxc4 8. Bxc4 c5 9. Nf3 Qc7 10. Bd3 b6 11. O-O Bb7 12. Re1 Nc6 13. e4 Rad8 14.
Bb2 h6 15. Qe2 Rfe8 16. e5 Nd7 17. Rac1 Nf8 18. h4 Ne7 19. Be4 Nf5 20. g4 Ne7 21. g5 Bxe4 22. Qxe4 Qc6 23. Qg4 Nf5 24. gxh6 Nxh6 25. Qg2 Ng6 26. Rcd1 Nf5 27. h5 Nf4 28. Qg4 Nd5 29. c4 Nde7 30. d5 exd5 31. cxd5 Rxd5 32.
Rxd5 Qxd5 33. e6 fxe6 34. Ng5 Nc6 35. h6 Nxh6 36. Qh5 Rf8 37. Rd1 Nd4 38. Qg6 Qf5 39.
Qxf5 Rxf5 40. Bxd4 Rxg5+ 41. Kf1 Rd5 0-1

[Event "*** Titled Tuesday Blitz"]
[Site "Chess.com"]
[Date "2021.02.02"]
[Round "4"]
[White "shaheus"]
[Black "ElCoachRene"]
[Result "1/2-1/2"]
[WhiteElo "2404"]
[BlackElo "2217"]
[TimeControl "180+1"]
[EndTime "10:42:13 PST"]
[Termination "Game drawn by repetition"]

1. e4 Nc6 2. Nf3 d5 3. exd5 Qxd5 4. Nc3 Qa5 5. Be2 Bg4 6. b4 Nxb4 7. O-O O-O-O 8. Rb1 Nc6 9. Rb5 Bxf3 10. Rxa5 Bxe2 11.
Qxe2 Nxa5 12. Qf3 Nc6 13. Qxf7 Nf6 14. Qe6+ Kb8 15. d3 Nd4 16. Qc4 e6 17. Be3 e5 18.
Rb1 b6 19. Nb5 Nxb5 20. Rxb5 Bd6 21. h3 Rhe8 22. a4 e4 23. d4 Kb7 24. Rb1 a5 25. Qb3 Kc8 26. c4 Bb4 27. c5 Kb7 28. Qc2 bxc5 29.
dxc5 c6 30. Qc4 Nd5 31. Bd4 g6 32. Be3 Rd7 33. Bd2 e3 34. Bxb4 axb4 35. fxe3 Rxe3 36. Rxb4+ Nxb4 37. Qxb4+ Kc8 38. Qb6 Rc7 39. a5 Re1+ 40. Kf2 Ra1 41. a6 Ra2+ 42. Kg3 Ra3+ 43. Kh2 Ra2 44.
Kg3 Ra3+ 45. Kh2 Ra2 46. Kg3 1/2-1/2

[Event "*** Titled Tuesday Blitz"]
[Site "Chess.com"]
[Date "2021.02.02"]
[Round "4"]
[White "SanchezKelvin"]
[Black "carlocapau"]
[Result "0-1"]
[WhiteElo "2465"]
[BlackElo "2321"]
[TimeControl "180+1"]
[EndTime "10:42:13 PST"]
[Termination "carlocapau won by checkmate"]

1. d4 Nf6 2. c4 g6 3. Nf3 Bg7 4. Nc3 O-O 5. e4 d6 6. Be2 e5 7.
O-O Nc6 8. d5 Ne7 9. Ne1 Nd7 10.
Nd3 f5 11. Bd2 Nf6 12. f3 f4 13.
c5 g5 14. cxd6 cxd6 15. h3 Ng6 16. Rc1 Rf7 17. Qb3 h5 18. Nf2 Bf8 19. Nb5 Rg7 20. Rc2 a6 21. Nc7 Rxc7 22. Ba5 Ne8 23. Rxc7 Nxc7 24.
Rc1 g4 25. Rxc7 Qg5 26. hxg4 hxg4 27. fxg4 b5 28. Qc2 Ne7 29. Bb4 Qf6 30. Ba5 Bh6 31. Bf3 Rb8 32. b4 Bg5 33. Nh3 Bh4 34. Ra7 Qg6 35.
Bd8 Bxg4 36. Bxg4 Qxg4 37. Bxe7 Rc8 38. Qd2 Bg3 39. Bxd6 Rc4 40. Ra8+ Kf7 41. Bc5 Rxe4 42. d6 Re1+ 43. Qxe1 Bxe1 44. d7 f3 45. d8=Q Qxg2# 0-1

[Event "*** Titled Tuesday Blitz"]
[Site "Chess.com"]
[Date "2021.02.02"]
[Round "4"]
[White "ybruned"]
[Black "Khnykin_Nikolay"]
[Result "1-0"]
[WhiteElo "2322"]
[BlackElo "2093"]
[TimeControl "180+1"]
[EndTime "10:42:13 PST"]
[Termination "ybruned won on time"]

1. b3 c5 2. Bb2 e6 3. e3 Nf6 4. Nf3 Be7 5. Be2 O-O 6. O-O d5 7. d4 Nc6 8. Nbd2 a6 9. c4 b6 10. Rc1 Bb7 11. Qc2 Nb4 12. Qb1 dxc4 13. Nxc4 Be4 14.
Qa1 Nc2 15. Rxc2 Bxc2 16. Nce5 Nd7 17. Nxd7 Qxd7 18. dxc5 Bxc5 19. Bxg7 Rfd8 20. Bf6 Be7 21. Qe5 Bxf6 22. Qxf6 b5 23. Ne5 Qe8 24. Ng4 Rd2 25. Bf3 Rad8 26. Qh6 Kh8 27. e4 Qf8 28. Qh4 Bd1 29. Nf6 Qg7 30. Bxd1 Rxd1 31. g3 Rxf1+ 32.
Kxf1 Rd1+ 33. Kg2 Rd2 34. Qf4 Rd8 35. e5 Rf8 36. Qd4 1-0

[Event "*** Titled Tuesday Blitz"]
[Site "Chess.com"]
[Date "2021.02.02"]
[Round "4"]
[White "kirillshevchenko"]
[Black "Goryachkina"]
[Result "0-1"]
[WhiteElo "2835"]
[BlackElo "2666"]
[TimeControl "180+1"]
[EndTime "10:42:14 PST"]
[Termination "Goryachkina won on time"]

1. e4 c6 2. c4 d5 3. cxd5 cxd5 4. e5 Nc6 5. d4 Bf5 6. Nc3 e6 7. Nf3 Bb4 8. Bd3 Nge7 9. O-O O-O 10. Bg5 Bxd3 11.
Qxd3 h6 12. Bxe7 Qxe7 13. Ne2 Rfc8 14. Rac1 Qd7 15. Nf4 Na5 16. g4 Rxc1 17. Rxc1 Rc8 18. Rd1 Nc4 19. Rb1 Be7 20. h4 Qd8 21. Ng2 Qa5 22.
a3 Qb6 23. g5 hxg5 24. hxg5 g6 25. Nf4 Kg7 26. Kg2 Rh8 27. b3 Nxa3 28. Rh1 Rxh1 29.
Kxh1 Qb5 30. Qe3 Qf1+ 31. Kh2 Nc2 32. Qd2 Nb4 33. Kg3 Nc6 34. Qe3 a5 35. Ng2 b5 36.
Nfh4 a4 37. bxa4 bxa4 38. Qc3 Qc4 39. Qf3 Nxd4 40. Qe3 Nc6 41. Nf4 Qb3 0-1

[Event "*** Titled Tuesday Blitz"]
[Site "Chess.com"]
[Date "2021.02.02"]
[Round "4"]
[White "IMJonathanCarlstedt"]
[Black "PotapovaM"]
[Result "1/2-1/2"]
[WhiteElo "2490"]
[BlackElo "2640"]
[TimeControl "180+1"]
[EndTime "10:42:14 PST"]
[Termination "Game drawn by repetition"]

1. d4 Nf6 2. Bf4 g6 3. Nc3 Bg7 4. e3 O-O 5. Be2 d6 6. h4 Nc6 7. h5 e5 8. dxe5 dxe5 9. Qxd8 Rxd8 10. Bg5 h6 11. Bxf6 Bxf6 12. hxg6 fxg6 13. Rxh6 Kg7 14. Rh1 Nb4 15. Rc1 Bf5 16. Bd1 Rd7 17. a3 Nc6 18. Nge2 Rad8 19. Ng3 Be6 20. Nge4 Be7 21. Be2 a6 22. f3 b5 23. Kf2 b4 24. axb4 Nxb4 25. Rhd1 Rxd1 26. Bxd1 Rh8 27. Be2 Bh4+ 28. Kg1 Be7 29. Nd1 Bf5 30. c3 Nd5 31. Ng3 Bc5 32. Kf2 a5 33. b4 axb4 34. cxb4 Bb6 35. b5 Ra8 36. Nxf5+ gxf5 37. Bc4 Nxe3 38. Nxe3 f4 39. Ke2 Bxe3 40. Rc2 Bb6 41. Bd3 Ra3 42. Rc6 Ra2+ 43.
Rc2 Ra1 44. Be4 Kf6 45. Kd3 Rd1+ 46. Kc4 Rd4+ 47. Kb3 Rd1 48. Rc6+ Ke7 49. Rg6 Rd2 50. Kc3 Rd1 51. Kc2 Rd4 52. Kc3 Rd1 53. Kc2 Rd4 54.
Kc3 Rd1 1/2-1/2

[Event "*** Titled Tuesday Blitz"]
[Site "Chess.com"]
[Date "2021.02.02"]
[Round "4"]
[White "IceBelka"]
[Black "Sergey85Rodchenkov"]
[Result "1-0"]
[WhiteElo "2361"]
[BlackElo "2512"]
[TimeControl "180+1"]
[EndTime "10:42:14 PST"]
[Termination "IceBelka won by resignation"]

1. e4 c5 2. Nf3 d6 3. d4 cxd4 4. Nxd4 Nf6 5. Nc3 a6 6. Be3 e5 7. Nb3 Be7 8. f3 Be6 9. Qd2 b5 10. g4 Qc7 11. g5 b4 12. Ne2 Nfd7 13. f4 exf4 14. Nxf4 Ne5 15. O-O-O Nbc6 16. Nd5 Bxd5 17. exd5 Na5 18. Qxb4 Nxb3+ 19. axb3 O-O 20. h4 Rfb8 21. Qc3 Qd8 22. Bd4 a5 23. Bxe5 dxe5 24. Qxe5 Bd6 25.
Qe4 Rb4 26. Rd4 Qb6 27. Bc4 a4 28. Re1 g6 29. c3 Rxb3 30. Bxb3 axb3 31. Ra4 Rxa4 32.
Qxa4 Qf2 33. Qe8+ Bf8 34. Qe2 Qxh4 35. Qe3 Bc5 36. Qe8+ Bf8 37. Qe3 h6 38. Kd2 hxg5 39. Kd3 Qg4 40. Rf1 Qg2 41. Qf3 Qxb2 42. Qxf7+ Kh8 43.
Rh1+ 1-0

[Event "*** Titled Tuesday Blitz"]
[Site "Chess.com"]
[Date "2021.02.02"]
[Round "4"]
[White "Grineva_Marianna"]
[Black "alejogarcia1999"]
[Result "0-1"]
[WhiteElo "2254"]
[BlackElo "2441"]
[TimeControl "180+1"]
[EndTime "10:42:14 PST"]
[Termination "alejogarcia1999 won by resignation"]

1. e4 c5 2. Nf3 e6 3. d4 cxd4 4. Nxd4 Nc6 5. Nc3 Nf6 6. Nxc6 bxc6 7. e5 Nd5 8. Ne4 Qc7 9. f4 Qa5+ 10. c3 Be7 11.
Qf3 Qb6 12. Qf2 f5 13. exf6 Qxf2+ 14. Kxf2 gxf6 15. Bd3 f5 16. Ng3 Bb7 17. Be3 Bd6 18.
Ne2 Rg8 19. Rhg1 c5 20. g3 Nf6 21. h3 Rc8 22. c4 Be4 23. Rad1 Bxd3 24. Rxd3 Ne4+ 25.
Kf3 Ke7 26. Rgd1 Rc6 27. b3 Rg6 28. Bf2 Nxf2 29. Kxf2 h5 30. Ng1 Ra6 31. R1d2 e5 32. fxe5 Bxe5 33. Rxd7+ Ke6 34. Ne2 Bd4+ 35. Kf3 Kxd7 36.
Nxd4 cxd4 37. Rxd4+ Rad6 38. Rh4 Rd3+ 39. Kf4 Rd4+ 40.
Kxf5 Rxh4 41. Kxg6 Rxh3 42. c5 Rxg3+ 43. Kxh5 Rg2 44. b4 Kc6 45. a3 Ra2 46. Kg4 Rxa3 47.
Kf5 Rb3 48. Ke4 Rxb4+ 49. Kd3 Rb5 50. Kc4 a5 51. Kd4 a4 52. Kc4 a3 0-1

[Event "*** Titled Tuesday Blitz"]
[Site "Chess.com"]
[Date "2021.02.02"]
[Round "4"]
[White "TokChess"]
[Black "seorobert1971"]
[Result "1-0"]
[WhiteElo "2483"]
[BlackElo "2725"]
[TimeControl "180+1"]
[EndTime "10:42:15 PST"]
[Termination "TokChess won on time"]

1. Nf3 Nf6 2. d4 d5 3. Bf4 Bf5 4. e3 e6 5. Bd3 Bxd3 6. cxd3 Nbd7 7. O-O Be7 8. Nbd2 O-O 9. Qc2 c6 10. Rfc1 Re8 11. Rab1 a5 12. Ne5 Nh5 13. Nxd7 Nxf4 14. Ne5 Ne2+ 15. Kh1 Nxc1 16. Rxc1 Bd6 17. Nef3 f6 18.
Qb3 Qd7 19. Kg1 Kh8 20. g3 Bb4 21. Nf1 e5 22. Kg2 Bd6 23. h4 a4 24. Qc2 a3 25.
b3 Qe7 26. N1h2 Rf8 27. Qe2 Rae8 28. Ng4 exd4 29. Nxd4 f5 30. Nh2 f4 31. gxf4 Bxf4 32. Rh1 Qxh4 33. Ng4 Qe7 34. Qf3 Bg5 35. Qh3 g6 36.
Ne5 Qg7 37. Ne6 Rxe6 38. Qxe6 Bh6 39. d4 c5 40. Ng4 Bg5 41. dxc5 Be7 42. Qe5 1-0